 Dungeon Crawl Stone Soup version 0.29.1-13-g9f3cf754e1 (webtiles) character file.

Game seed: 14277414777319484796

51 Ast3rio the Shield-Bearer (level 3, -2/33 HPs)
             Began as a Minotaur Fighter on Feb 8, 2023.
             Slain by a goblin
             ... wielding a +0 dagger
             ... led by Robin
              (4 damage)
             ... on level 2 of the Dungeon.
             The game lasted 00:06:47 (1093 turns).

Ast3rio the Shield-Bearer (Minotaur Fighter)        Turns: 1093, Time: 00:06:47

Health: -2/33      AC:  7    Str: 22    XL:     3   Next: 58%
Magic:  2/2        EV:  9    Int:  5    God:
Gold:   57         SH:  4    Dex:  9    Spells: 2/2 levels left

rFire   . . .      SeeInvis .   a - +0 long sword
rCold   . . .      Faith    .   c - +0 buckler
rNeg    . . .      Spirit   .   b - +0 scale mail
rPois   .          Reflect  .   (helmet restricted)
rElec   .          Harm     .   (no cloak)
rCorr   +          Rampage  .   (no gloves)
Will    .....                   (no boots)
Stlth   ..........              (no amulet)
HPRegen 0.11/turn               k - ring of resist corrosion
MPRegen 0.08/turn               (no ring)

@: no status effects
A: horns 2, retaliatory headbutt
a: no special abilities


You were on level 2 of the Dungeon.
You visited 1 branch of the dungeon, and saw 2 of its levels.

You collected 57 gold pieces.

Inventory:

Hand Weapons
 a - a +0 long sword (weapon)
Armour
 b - a +0 scale mail (worn)
 c - a +0 buckler (worn)
 e - a +0 helmet
Jewellery
 k - a ring of resist corrosion (left hand)
Scrolls
 f - a scroll of torment {unknown}
 g - a scroll of teleportation {unknown}
 i - a scroll of fear {unknown}
Potions
 d - 3 potions of might
 h - 2 potions of heal wounds
 j - a potion of lignification {unknown}


   Skills:
 + Level 4.1 Fighting
 + Level 3.0 Long Blades
 + Level 4.1 Armour
 + Level 0.7 Dodging
 + Level 4.3 Shields


You had 2 spell levels left.
You didn't know any spells.
Your spell library was empty.

Dungeon Overview and Level Annotations

Branches:
Dungeon (2/15)

Altars:

Annotations:
D:1 Robin
D:2 Terence


Innate Abilities, Weirdness & Mutations

You have a pair of horns on your head.
You reflexively headbutt those who attack you in melee.


Message History

The hobgoblin hits you. The goblin barely misses you.
The goblin hits you with a +0 dagger.
You hear an angry hiss.
You hit the goblin.
You kill the goblin!
Robin throws the goblin at you! The goblin barely misses you.
The hobgoblin hits you.
A frilled lizard comes into view.
The goblin barely misses you. Robin hits you but does no damage.
You block the hobgoblin's attack.
The goblin hits you but does no damage. x2
You barely miss Robin. Your headbutt misses Robin.
Robin throws the goblin at you! The goblin barely misses you.
The goblin hits you with a +0 dagger. The hobgoblin hits you.
You block the goblin's attack.
You barely miss Robin. You block the goblin's attack.
A goblin comes into view. It is wielding a +0 club.
The hobgoblin hits you.
* * * LOW HITPOINT WARNING * * *
The goblin hits you but does no damage. x2
There are no items here.
The hobgoblin hits you.
* * * LOW HITPOINT WARNING * * *
The goblin barely misses you.
The hobgoblin hits you but does no damage.
The goblin hits you with a +0 dagger.
* * * LOW HITPOINT WARNING * * *
The goblin barely misses you.
You climb upwards.
There is a stone staircase leading down here.
The goblin hits you but does no damage. The goblin hits you with a +0 dagger.
* * * LOW HITPOINT WARNING * * *
You climb downwards.
Level annotation: Terence The frilled lizard barely misses you. x2
There is a stone staircase leading up, spattered with blood here.
You closely miss the goblin. Your headbutt misses the goblin.
The goblin hits you but does no damage. The goblin hits you with a +0 dagger.
* * * LOW HITPOINT WARNING * * *
You block the frilled lizard's attack. The goblin hits you with a +0 dagger.
You die...

~# . .####
... ... #
♣#.###.#
♣ggg...#..
♣)@l....>.
♣~.###.##..
♣~. ♣♣#


You could see 3 goblins and a frilled lizard.

Vanquished Creatures
  A dart slug (D:1)
  6 endoplasms (D:1)
  4 giant cockroaches (D:1)
  6 goblins
  6 hobgoblins (D:1)
  4 jackals (D:1)
  3 quokkas (D:1)
  3 ball pythons (D:1)
  3 bats (D:1)
  6 rats (D:1)
42 creatures vanquished.

Notes
Turn   | Place    | Note
-------+----------+-------------------------------------------
     0 | D:1      | Ast3rio the Minotaur Fighter began the quest for the Orb.
     0 | D:1      | Reached XP level 1. HP: 19/19 MP: 0/0
   163 | D:1      | Reached XP level 2. HP: 5/27 MP: 1/1
   341 | D:2      | Noticed Terence
   715 | D:1      | Reached XP level 3. HP: 29/33 MP: 2/2
  1081 | D:2      | Noticed Robin
  1093 | D:2      | Slain by a goblin

Illustrated notes

Levels and vault maps discovered:
D:1:      sevenhm_arrival_forest_fort_small_5, layout_loops_corners,
          minmay_vboxes
D:2:      layout_basic, serial_bayou, serial_bayou_crossing,
          serial_bayou_shore_a, serial_bayou_lake_a, serial_bayou_pond_b,
          dreamdust_ecumenical_altar_grove, minmay_tetromino_t4, uniq_robin,
          uniq_terence

Skill      XL: |  1  2  3 |
---------------+----------+-----
Armour         | 4 |  4.1
Fighting       | 4 |  4.1
Shields        | 4 |  4.3
Long Blades    | 3 |  3.0
Dodging        | |  0.7

Action                   || total
-------------------------++-------
Melee: Long sword        ||    81
       Headbutt          ||     8
  Use: Potion            ||     2
Armor: Scale mail        ||    84
Dodge: Dodged            ||    79
Block: Buckler           ||    45
